 Dungeon Crawl Stone Soup version 0.24.0-37-gcf1ca852f1 (webtiles) character file.

Game seed: 16987095080273825180, levelgen mode: deterministic

509 FishyPogo the Sneak (level 7, -3/55 HPs)
             Began as a Naga Enchanter on Dec 8, 2019.
             Was an Initiate of Makhleb.
             Slain by an orc wizard
             ... wielding a +0 dagger
              (6 damage)
             ... on level 4 of the Dungeon.
             The game lasted 00:17:58 (3238 turns).

FishyPogo the Sneak (Naga Enchanter)                Turns: 3238, Time: 00:17:58

Health: -3/55      AC:  4    Str: 11    XL:     7   Next: 19%
Magic:  11/12      EV: 16    Int: 16    God:    Makhleb [......]
Gold:   173        SH:  0    Dex: 17    Spells: 4/13 levels left

rFire    . . .     SeeInvis +   a - +2 whip (elec)
rCold    . . .     Gourm    +   (no shield)
rNeg     . . .     Faith    .   g - +0 robe
rPois    +         Spirit   .   (no helmet)
rElec    .         Reflect  .   (no cloak)
rCorr    .         Harm     .   u - +0 pair of gloves
MR       .....     Clarity  +   (no barding)
Stlth    ++++......             p - amulet of the gourmand
HPRegen  0.18/turn              (no ring)
MPRegen  0.13/turn              (no ring)

@: agile, hasted, quick
A: large, see invisible, clarity, deformed body, poison resistance, slowness 2,
slow metabolism 1, spit poison 1, evolution 1, AC +2
a: Spit Poison, Renounce Religion


You were on level 4 of the Dungeon.
You worshipped Makhleb.
Makhleb was noncommittal.
You were very full.

You visited 1 branch of the dungeon, and saw 5 of its levels.

You collected 173 gold pieces.

Inventory:

Hand Weapons
 a - a +2 whip of electrocution (weapon)
 b - a +1 dagger
Missiles
 f - 138 stones (quivered)
 o - 5 boomerangs
 v - a throwing net
 w - 12 poisoned darts
Armour
 g - a +0 robe (worn)
 u - a +0 pair of gloves (worn)
 x - a +0 buckler
Jewellery
 p - an amulet of the gourmand (around neck)
Wands
 c - a wand of polymorph (24)
Scrolls
 e - 5 scrolls of identify {unknown}
 h - 2 scrolls of amnesia {unknown}
 k - 2 scrolls of enchant weapon {unknown}
 l - a scroll of immolation {unknown}
 n - a scroll of remove curse {unknown}
 t - a scroll of magic mapping {unknown}
 y - a scroll of fear {unknown}
Potions
 i - 2 potions of curing {unknown}
 j - a potion of haste
 m - a potion of agility
 r - 2 potions of invisibility
 s - a potion of brilliance {unknown}
 z - a potion of berserk rage {unknown}
Comestibles
 d - 13 rations


   Skills:
 - Level 1.4 Short Blades
 - Level 3.0 Maces & Flails
 - Level 3.0 Dodging
 - Level 5.0 Stealth
 * Level 1.3 Shields
 + Level 3.6 Spellcasting
 + Level 4.3 Hexes
 + Level 1.5 Invocations


You had 4 spell levels left.
You knew the following spells:

 Your Spells              Type           Power        Failure   Level  Hunger
a - Corona                Hex            ###....      3%          1    None
b - Ensorcelled Hibernat  Hex/Ice        #.....       11%         2    ##.....
c - Confuse               Hex            ###.....     9%          3    ###....
k - Tukima's Dance        Hex            ###.....     9%          3    ###....

Your spell library contained the following spells:

 Spells                   Type           Power        Failure   Level  Hunger
 Dazzling Spray           Conj/Hex       #.....       22%         3    ###....


Dungeon Overview and Level Annotations

Branches:
Dungeon (5/15)
 Temple: D:4-7

Altars:
Elyvilon
Gozag
Kikubaaqudgha
Makhleb
Nemelex Xobeh


Innate Abilities, Weirdness & Mutations

You cannot wear boots.
Your serpentine skin is tough. (AC +2)
You have supernaturally acute eyesight. (SInv)
Armour fits poorly on your strangely shaped body.
Your system is resistant to poisons. (rPois)
You cover ground very slowly.
You have a slow metabolism.
You can spit poison.
You possess an exceptional clarity of mind.
You evolve.


Message History

The frilled lizard bites you.
* * * LOW HITPOINT WARNING * * *
It was a potion of mutation.
You feel extremely strange.
A poisonous barb forms on the end of your tail.
Your thoughts seem clearer.
The barb on your tail disappears.
You feel nature experimenting on you.
Don't worry, failures die fast.
The orc wizard hits you but does no damage.
The sky beast hits you but does no damage.
The frilled lizard bites you.
* * * LOW HITPOINT WARNING * * *
It was a potion of haste.
You feel yourself speed up.
You have got your breath back.
The orc wizard points at you and mumbles some strange words.
The puff of frost misses you. The sky beast barely misses you.
The frilled lizard bites you but does no damage.
Unknown command.
It was a potion of agility.
You feel agile all of a sudden.
The orc wizard hits you with a +0 dagger.
You die...

######## #......##
#.......# #.......######
##########.......[....#####
...............l@Y........#
.#########.....o.......##.#
.# #.............##.# ##
####+#.....<..##.# #####
#.#.#.......#.# ....#
#.#.#.......#.# ###.#
#.#....####.#.# #.#
#........##.#.# ###.#
########.##.#.#


You could see a sky beast, an orc wizard (invisible) and a frilled lizard.

Vanquished Creatures
  A phantom (D:2)
  3 crimson imps (D:5)
  An iguana (D:5)
  3 worker ants (D:4)
  A worker ant zombie (D:5)
  3 gnolls (D:4)
  7 adders
  A shadow imp (D:3)
  An ooze (D:4)
  A worm (D:2)
  3 dart slugs
  4 leopard geckos
  7 orcs
  A ball python (D:3)
  3 giant cockroaches
  4 goblins
  7 hobgoblins
  7 jackals
  11 kobolds
  2 quokkas
  A ball python skeleton (D:4)
  8 bats
  5 frilled lizards
  3 rats
88 creatures vanquished.

Vanquished Creatures (collateral kills)
  2 orcs (D:3)
2 creatures vanquished.

Grand Total: 90 creatures vanquished

Notes
Turn   | Place    | Note
-------+----------+-------------------------------------------
     0 | D:1      | FishyPogo the Naga Enchanter began the quest for the Orb.
     0 | D:1      | Reached XP level 1. HP: 15/15 MP: 3/3
   120 | D:1      | Reached XP level 2. HP: 19/22 MP: 3/5
   124 | D:1      | Learned a level 2 spell: Ensorcelled Hibernation
   328 | D:1      | Reached XP level 3. HP: 28/28 MP: 4/6
   456 | D:1      | Learned a level 3 spell: Confuse
   707 | D:2      | Reached skill level 5 in Stealth
  1014 | D:2      | Reached XP level 4. HP: 36/36 MP: 4/7
  1141 | D:2      | Reached skill level 1 in Maces & Flails
  1306 | D:2      | Noticed a phantom
  1329 | D:2      | Killed a phantom
  1329 | D:2      | Reached XP level 5. HP: 30/42 MP: 1/9
  1373 | D:2      | Learned a level 3 spell: Tukima's Dance
  1621 | D:3      | Found an opulent altar of Gozag.
  2210 | D:3      | Found an ancient bone altar of Kikubaaqudgha.
  2211 | D:3      | Found a burning altar of Makhleb.
  2216 | D:3      | Became a worshipper of Makhleb the Destroyer
  2411 | D:4      | Reached XP level 6. HP: 40/49 MP: 8/10
  2689 | D:4      | Found a white marble altar of Elyvilon.
  2889 | D:4      | Found a sparkling altar of Nemelex Xobeh.
  3061 | D:5      | Entered Level 5 of the Dungeon
  3108 | D:5      | Reached skill level 1 in Invocations
  3119 | D:5      | Reached skill level 1 in Shields
  3119 | D:5      | Reached XP level 7. HP: 31/55 MP: 12/12
  3236 | D:4      | Gained mutation: Your tail ends in a poisonous barb.
                  | [potion of mutation]
  3236 | D:4      | Gained mutation: You possess an exceptional clarity of
                  | mind. [potion of mutation]
  3236 | D:4      | Lost mutation: Your tail ends in a poisonous barb. [potion
                  | of mutation]
  3236 | D:4      | Gained mutation: You evolve. [potion of mutation]
  3238 | D:4      | Slain by an orc wizard

Levels and vault maps discovered:
D:1:      zaba_arrival_water, layout_basic, minmay_pentomino_v2
D:2:      layout_basic, first_ration, st_stairs_12
D:3:      layout_basic, gammafunk_temple_overflow_statue,
          nicolae_overflow_crystal_walls, st_stairs_4, minmay_misc_feat_encased,
          minmay_misc_feat_iff, hangedman_abyss_or_decor_lesser_grid
D:4:      layout_basic, lemuel_doored_altar, nemelex_altar_shiori
D:5:      layout_rooms, uniq_pikel

Skill      XL: |  1  2  3  4  5  6 |
---------------+-------------------+-----
Dodging        | 2 3 |  3.0
Stealth        | 5 |  5.0
Maces & Flails | 2 3 |  3.0
Spellcasting   | 3 |  3.6
Hexes          | 4 |  4.3
Invocations    | 1 |  1.5
Shields        | 1 |  1.3
Short Blades   | |  1.4

Action                   |  1- 3 |  4- 6 |  7- 9 || total
-------------------------+-------+-------+-------++-------
Melee: Dagger            |    22 |       |       ||    22
       Whip              |    14 |    89 |    22 ||   125
Throw: Stone             |     9 |     6 |       ||    15
 Cast: Corona            |    34 |    23 |     3 ||    60
       Confuse           |     1 |     3 |     4 ||     8
       Tukima's Dance    |       |     3 |       ||     3
 Abil: Spit Poison       |    33 |    51 |     6 ||    90
  Use: Potion            |       |       |     3 ||     3
  Eat: Chunk             |     2 |    31 |       ||    33
Armor: Robe              |    11 |    13 |    18 ||    42
Dodge: Dodged            |    25 |    53 |    23 ||   101
